 Dungeon Crawl Stone Soup version 0.22.0 (webtiles) character file.

142 Rystll the Chopper (level 5, -3/49 HPs)
             Began as a Deep Dwarf Berserker on Aug 14, 2018.
             Was a Believer of Trog.
             Slain by Eustachio
             ... wielding a +2 rapier of venom
              (7 damage)
             ... on level 4 of the Dungeon.
             The game lasted 00:22:37 (2880 turns).

Rystll the Chopper (Deep Dwarf Berserker)           Turns: 2880, Time: 00:22:39

Health: -3/49      AC:  3    Str: 21 (22) XL:     5   Next: 4%
Magic:  2/2        EV: 15    Int:  7      God:    Trog [**....]
Gold:   98         SH:  0    Dex: 11 (12) Spells: 4/4 levels left

rFire    . . .     SeeInvis .   a - +1 hand axe
rCold    . . .     Gourm    .   (no shield)
rNeg     . . .     Faith    .   l - +0 robe (curse)
rPois    .         Spirit   .   f - +0 helmet
rElec    .         Reflect  .   c - scarf {repulsion}
rCorr    .         Harm     .   (no gloves)
MR       ++...                  (no boots)
Stlth    +.........             (no amulet)
HPRegen  1.00/turn              (no ring)
MPRegen  0.08/turn              (no ring)

@: lethally poisoned (-3 -> -8), starving, non-regenerating, repel missiles
A: damage resistance, heal wounds, repulsion field 1, deterioration 1, sense
surroundings 1, wild magic 1, no regeneration
a: Heal Wounds, Berserk, Trog's Hand, Renounce Religion


You were on level 4 of the Dungeon.
You worshipped Trog.
Trog was pleased with you.
You were starving.

You visited 1 branch of the dungeon, and saw 4 of its levels.

You collected 98 gold pieces.

Inventory:

Hand Weapons
 a - a +1 hand axe (weapon)
 d - a +0 flail
 h - a +0 club
 i - a +0 dagger
 j - a +0 club
 s - a +0 hunting sling
 w - a +0 mace
 x - a +0 whip
Missiles
 g - 13 bolts
 k - 45 stones (quivered)
 n - 11 poisoned needles
 o - 6 javelins
Armour
 b - a +0 animal skin
 c - a scarf of repulsion (worn)
 f - a +0 helmet (worn)
 l - a cursed +0 robe (worn)
 m - a +0 robe
 r - a +0 robe
Jewellery
 y - an uncursed ring of wizardry {unknown}
Wands
 v - a wand of enslavement (14)
Scrolls
 e - 3 scrolls of identify {unknown}
 p - 3 scrolls of remove curse {unknown}
 q - a scroll of magic mapping {unknown}
Potions
 t - a potion of resistance {unknown}
 u - a potion of curing {unknown}
 z - a potion of haste {unknown}
 B - a potion of flight {unknown}
 C - a potion of agility {unknown}
Comestibles
 A - a ration


   Skills:
 + Level 3.3 Fighting
 + Level 4.8 Axes
 + Level 2.2 Armour
 + Level 3.6 Dodging
 + Level 1.1 Stealth


You had 4 spell levels left.
You didn't know any spells.
Your spell library was empty.

Dungeon Overview and Level Annotations

Branches:
Dungeon (4/15)
 Temple: D:4-7

Altars:
Cheibriados
Fedhas

Annotations:
D:4 Eustachio


Innate Abilities, Weirdness & Mutations

You are resistant to damage.
You can heal yourself by infusing magical energy.
You passively map a small area around you.
You do not regenerate.
You are surrounded by a mild repulsion field. (EV +2)
Your body sometimes deteriorates upon taking damage.
Your spells are a little harder to cast, but a little more powerful.


Message History

You hit Eustachio but do no damage.
Eustachio hits you with a rapier of venom.
* * * LOW HITPOINT WARNING * * *
The river rat completely misses you.
You hit the river rat but do no damage.
The river rat is severely wounded.
You barely miss Eustachio.
Eustachio growls, "To hell with you, honourless miscreant!"
Eustachio hits you with a rapier of venom!
* * * LOW HITPOINT WARNING * * *
You are lethally poisoned!
The river rat misses you.
You hit the river rat.
You kill the river rat!
The river rat's corpse disappears in a puff of smoke!
You closely miss Eustachio.
* * * LOW HITPOINT WARNING * * *
You feel sick.
Eustachio hits you with a rapier of venom!
You die...

* , , ##. ** #.# *..#
#.# #.# #.# #@#* * ***
#####@# , * #..,
..##ยง#* #.# #.##r##,#
#.#####.#.b.#.#.#.#
#.#...............#
#.#.###@#...###.###
#.#.# #........# *
###.#.######.#####,,*,
#####...._..# #.# *


You could see Eustachio, a river rat and a bat.

Vanquished Creatures
  A centaur skeleton (D:4)
  An iguana (D:4)
  A worker ant (D:2)
  2 adders (D:2)
  An adder skeleton (D:4)
  A worm (D:2)
  2 dart slugs
  2 leopard geckos
  A ball python (D:2)
  A giant cockroach (D:2)
  A goblin (D:1)
  3 hobgoblins
  4 jackals (D:1)
  A quokka (D:3)
  4 bats
  4 frilled lizards
  4 kobolds
  4 rats
  4 fungi (D:3)
  2 plants (D:3)
44 creatures vanquished.

Notes
Turn   | Place    | Note
-------+----------+-------------------------------------------
     0 | D:1      | Rystll the Deep Dwarf Berserker began the quest for the Orb.
     0 | D:1      | Reached XP level 1. HP: 20/20 MP: 1/1
  1141 | D:1      | Reached XP level 2. HP: 21/27 MP: 2/2
  1315 | D:2      | Reached skill level 4 in Axes
  1318 | D:2      | Reached XP level 3. HP: 19/34 MP: 3/3
  1419 | D:2      | Gained mutation: Your spells are a little harder to cast, but a little more powerful. [potion of mutation]
  1419 | D:2      | Gained mutation: Your body sometimes deteriorates upon taking damage. [potion of mutation]
  1419 | D:2      | Gained mutation: You are surrounded by a mild repulsion field. (EV +2) [potion of mutation]
  1646 | D:2      | Reached XP level 4. HP: 25/42 MP: 3/3
  1685 | D:2      | Reached ** piety under Trog
  2367 | D:3      | Found a blossoming altar of Fedhas.
  2782 | D:4      | Found a snail-covered altar of Cheibriados.
  2792 | D:4      | Reached skill level 1 in Stealth
  2806 | D:4      | Reached XP level 5. HP: 4/49 MP: 4/4
  2822 | D:4      | Noticed Eustachio
  2880 | D:4      | Slain by Eustachio

Skill      XL: |  1  2  3  4 |
---------------+-------------+-----
Fighting       | 3 |  3.3
Axes           | 4 |  4.8
Dodging        | 3 |  3.6
Stealth        | 1 |  1.1
Armour         | |  2.2

Action                   |  1- 3 |  4- 6 || total
-------------------------+-------+-------++-------
Melee: Hand axe          |   105 |   122 ||   227
Invok: Berserk           |     2 |       ||     2
       Trog's Hand       |       |     2 ||     2
 Abil: Heal Wounds       |     1 |     4 ||     5
  Use: Scroll            |     2 |       ||     2
       Potion            |     1 |       ||     1
 Stab: Sleeping          |       |     1 ||     1
  Eat: Ration            |     1 |     1 ||     2
Armor: Robe              |    28 |    17 ||    45
       Animal skin       |     4 |       ||     4
Dodge: Dodged            |   108 |   113 ||   221
       Deflected         |       |     1 ||     1
